 Dungeon Crawl Stone Soup version 0.17.1-1-g73c8601 (webtiles) character file.

74 Mysteryquy the Ruffian (level 4, -3/45 HPs)
             Began as a Troll Monk on Jan 6, 2016.
             Slain by PossumBlood's ghost (12 damage)
             ... on level 3 of the Dungeon.
             The game lasted 00:03:21 (1201 turns).

Mysteryquy the Ruffian (Troll Monk)                 Turns: 1201, Time: 00:03:21

Health: -3/45      AC:  5    Str: 20    XL:     4   Next: 10%
Magic:  3/3        EV: 10    Int:  6    God:
Gold:   147        SH:  0    Dex: 12    Spells: 0 memorised, 3 levels left

rFire  . . .     SeeInvis .       - Unarmed
rCold  . . .     Clarity  .     a - +0 robe
rNeg   . . .     SustAt   .     (no shield)
rPois  .         Gourm    +     (helmet restricted)
rElec  .         Spirit   .     (no cloak)
rCorr  .         Warding  .     (gloves unavailable)
rMut   .         Stasis   .     (boots unavailable)
MR     .....                    (no amulet)
Stlth  +.........               (no ring)
                                (no ring)

@: not resistant to hostile enchantments, very unstealthy
A: unfitting armour, claws 3, fast metabolism 3, gourmand, regeneration 2,
shaggy fur 1, tough skin 2
a: no special abilities


You were on level 3 of the Dungeon.
You were full.

You visited 1 branch of the dungeon, and saw 3 of its levels.

You collected 147 gold pieces.

Inventory:

Armour
 a - a +0 robe (worn)
Wands
 l - a wand of random effects (18)
Scrolls
 c - a scroll of recharging {unknown}
 d - a scroll of fog {unknown}
 g - 2 scrolls of identify {unknown}
 n - a scroll of noise {unknown}
 p - a scroll of enchant armour {unknown}
Potions
 e - 2 potions of curing {unknown}
 f - a potion of cure mutation {unknown}
 i - a potion of might {unknown}
 k - a potion of ambrosia {unknown}
 m - a potion of flight {unknown}
 o - a potion of brilliance {unknown}
Comestibles
 b - 5 bread rations
 h - a beef jerky
 j - 5 fruits
 q - a royal jelly


   Skills:
 + Level 3.0 Fighting
 + Level 2.9 Dodging
 - Level 1.1 Stealth
 + Level 4.8 Unarmed Combat


You had 3 spell levels left.
You didn't know any spells.

Dungeon Overview and Level Annotations

Branches:
Dungeon (3/15)

Altars:

Annotations:
D:3 PossumBlood's ghost, weakling MiFi


Innate Abilities, Weirdness & Mutations

You are too large for most types of armour.
You have claws for hands.
Your metabolism is lightning-fast.
You like to eat raw meat.
You heal very quickly.
You are covered in fur (AC +1).
You have very tough skin (AC +2).


Message History

PossumBlood's ghost is moderately damaged.
PossumBlood's ghost hits you!
* * * LOW HITPOINT WARNING * * *
You are too injured to fight recklessly!
You barely miss PossumBlood's ghost.
PossumBlood's ghost is moderately damaged.
PossumBlood's ghost closely misses you.
You barely miss PossumBlood's ghost.
PossumBlood's ghost is moderately damaged.
PossumBlood's ghost whispers, "Meet the emptiness of death!"
PossumBlood's ghost barely misses you.
You scratch PossumBlood's ghost.
PossumBlood's ghost is heavily damaged.
PossumBlood's ghost hits you.
* * * LOW HITPOINT WARNING * * *
You barely miss PossumBlood's ghost.
You claw PossumBlood's ghost, but do no damage.
PossumBlood's ghost is heavily damaged.
PossumBlood's ghost hits you!
You die...

#†# #.# #.#
#######<########
................
########.######.
#.....†......
###.##††.?...<.
.......@.......
###.##.W.######
.. #...# .<
....# # ###..#
#..# #..# ...#


You could see PossumBlood's ghost.

Vanquished Creatures
  2 adders
  An ooze (D:2)
  2 worms (D:2)
  A ball python (D:2)
  A giant cockroach (D:1)
  5 goblins
  5 hobgoblins
  3 jackals (D:3)
  7 kobolds
  A quokka (D:2)
  5 bats
  2 giant geckos
  2 giant newts (D:1)
  8 rats
45 creatures vanquished.

Notes
Turn   | Place    | Note
--------------------------------------------------------------
     0 | D:1      | Mysteryquy the Troll Monk began the quest for the Orb.
     0 | D:1      | Reached XP level 1. HP: 22/22 MP: 0/0
   139 | D:1      | Reached XP level 2. HP: 29/29 MP: 1/1
   793 | D:2      | Reached XP level 3. HP: 36/36 MP: 2/2
  1176 | D:3      | Reached XP level 4. HP: 37/45 MP: 3/3
  1191 | D:3      | Noticed PossumBlood's ghost (weakling MiFi)
  1201 | D:3      | Slain by PossumBlood's ghost

Action                   |  1- 3 |  4- 6 || total
-------------------------+-------+-------++-------
Melee: Unarmed           |   103 |    18 ||   121
 Stab: Sleeping          |     3 |       ||     3
  Eat: Chunk             |    13 |       ||    13
